[Event "Stay Safe Play From Home 237"]
[Site "Emanuel Lasker Arena"]
[Date "2020.06.18"]
[Round "8"]
[White "matanant"]
[Black "BrainThinker22"]
[Result "0-1"]
[WhiteElo "1794"]
[BlackElo "2104"]
[Annotator "NA RC"]
[PlyCount "42"]
[EventDate "2020.06.18"]
[EventType "swiss (blitz)"]
[TimeControl "180"]

1. b3 e5 2. Bb2 Nc6 3. e3 g6 4. f4 Bg7 5. Nf3 d6 6. Bb5 Nge7 7. O-O O-O 8. fxe5 dxe5 9. d3 e4 10. Bxg7 exf3 11. Bxf8 fxg2 12. Kxg2 Qxf8 13. Bc4 Ne5 14. Nd2 Qh6 15. Nf3 Bg4 16. Bxf7+ Nxf7 17. Qe1 Qh3+ 18. Kg1 Bxf3 19. Qf2 Ng5 20. e4 Qg4+ 21. Qg3 Nh3# {[%emt 0:00:00] (Lag: Av=0.67s, max=1.0s)} 0-1